 Dungeon Crawl Stone Soup version 0.17-a0-968-gf8e1f1d (webtiles) character file.

93 FedoraBrony69 the Conjurer (level 4, -4/24 HPs)
             Began as a Deep Elf Conjurer on May 9, 2015.
             Slain by Terence
             ... wielding a cursed -1 short sword
              (7 damage)
             ... on level 2 of the Dungeon.
             The game lasted 00:03:35 (1757 turns).

FedoraBrony69 the Conjurer (Deep Elf Conjurer)      Turns: 1757, Time: 00:03:35

Health: -4/24      AC:  2    Str:  5    XL:     4   Next: 36%
Magic:  0/12       EV: 13    Int: 21    God:
Gold:   71         SH:  0    Dex: 15    Spells: 1 memorised, 11 levels left

rFire  . . .     SeeInvis .     m - +0 spear
rCold  . . .     Clarity  .     a - +0 robe
rNeg   . . .     SustAb   .     (no shield)
rPois  .         Gourm    .     (no helmet)
rElec  .         Spirit   .     (no cloak)
rCorr  .         Warding  .     (no gloves)
rMut   .         Stasis   .     (no boots)
MR     .....                    (no amulet)
Stlth  ++........               (no ring)
                                (no ring)

@: very slightly contaminated, not resistant to hostile enchantments, unstealthy
A: no striking features
a: no special abilities


You were on level 2 of the Dungeon.
You were not hungry.

You visited 1 branch of the dungeon, and saw 2 of its levels.

You collected 71 gold pieces.

Inventory:

Hand weapons
 k - a +0 dagger
 m - a +0 spear (weapon)
Armour
 a - a +0 robe (worn)
Scrolls
 e - 4 scrolls of identify
 g - 3 scrolls of teleportation
 h - 4 scrolls of remove curse
 o - a scroll of fog {unknown}
Potions
 d - a potion of resistance
 j - a potion of lignification {unknown}
 n - a potion of heal wounds {unknown}
Books
 b - a book of Conjurations

   Spells                             Type                      Level
   a - Magic Dart                     Conjuration                  1
   b - Searing Ray                    Conjuration                  2
   c - Dazzling Spray                 Conjuration/Hexes            3
   d - Fulminant Prism                Conjuration/Hexes            4
   e - Iskenderun's Mystic Blast      Conjuration                  4
   f - Iskenderun's Battlesphere      Conjuration/Charms           5
Comestibles
 c - 2 bread rations
 f - a beef jerky
 i - a slice of pizza


   Skills:
 - Level 2.5 Dodging
 - Level 2.4 Stealth
 + Level 4.8 Spellcasting
 + Level 5.5 Conjurations


You had 11 spell levels left.
You knew the following spells:

 Your Spells              Type           Power        Failure   Level  Hunger
a - Magic Dart            Conj           ####         1%          1    None


Dungeon Overview and Level Annotations

Branches:
Dungeon (2/15)

Altars:
Ru

Annotations:
D:2 Terence


Message History

Confirm with . or Enter, or press ? or * to list all spells.
Aiming: Magic Dart
Press: ? - help, Shift-Dir - straight line, f/p - Terence
Aim: Terence, wielding a short sword, wearing a chain mail and carrying a wand of hasting {zapped: 1} (severely wounded, fast)
The magic dart hits Terence.
Terence is severely wounded.
Terence closely misses you. x2
Terence hits you with a short sword.
* * * LOW HITPOINT WARNING * * *
Casting: Magic Dart
Confirm with . or Enter, or press ? or * to list all spells.
Aiming: Magic Dart
Press: ? - help, Shift-Dir - straight line, f/p - Terence
Aim: Terence, wielding a short sword, wearing a chain mail and carrying a wand of hasting {zapped: 1} (severely wounded, fast)
The magic dart hits Terence.
Terence is severely wounded.
Terence hits you with a short sword.
* * * LOW HITPOINT WARNING * * *
Terence hits you with a short sword!
You die...

.................#####....+......
######...........#####.'#######+.
# #...............).#...#...#. #
####..............#...#...#. #
###..............#.......#. #
#####.+..............###._.###.
###...#.#..............#..)....#.
.......................#.).#...#.
...............@@......#...#...#.
............####....#..'#######'.
............# #....#......#.....
............# #....########.....
............# #....# #.....
............# #....# ######.....
............# #....# #..........
........# #....###.####.#.#.
........# #....'......#.#.#.


You could see Terence.

Vanquished Creatures
  An orc wizard (D:2)
  3 adders (D:2)
  A worm (D:2)
  A giant gecko (D:2)
  8 bats
  2 giant cockroaches (D:2)
  5 goblins
  6 hobgoblins
  A ball python (D:1)
  2 giant newts
  6 kobolds
  3 rats
39 creatures vanquished.

Notes
Turn   | Place    | Note
--------------------------------------------------------------
     0 | D:1      | FedoraBrony69, the Deep Elf Conjurer, began the quest for the Orb.
     0 | D:1      | Reached XP level 1. HP: 10/10 MP: 6/6
   510 | D:1      | Reached XP level 2. HP: 15/15 MP: 6/8
  1098 | D:2      | Found a sacrificial altar of Ru.
  1102 | D:2      | Reached skill level 5 in Conjurations
  1102 | D:2      | Reached XP level 3. HP: 19/19 MP: 5/10
  1326 | D:2      | Reached XP level 4. HP: 24/24 MP: 6/12
  1733 | D:2      | Noticed Terence
  1757 | D:2      | Slain by Terence

Action                   |  1- 3 |  4- 6 || total
-------------------------+-------+-------++-------
Melee: Spear             |       |     3 ||     3
 Cast: Magic Dart        |    57 |    36 ||    93
  Use: Scroll            |     3 |       ||     3
  Eat: Chunk             |     1 |     1 ||     2
